 Dungeon Crawl Stone Soup version 0.23.1-37-gaa34b87 (webtiles) character file.

Game seed: 12424626361593879223

354 Borgoz the Skirmisher (level 6, 0/52 HPs)
             Began as a Ghoul Monk on Mar 22, 2019.
             Slain by a big kobold (5 damage)
             ... on level 5 of the Dungeon.
             The game lasted 00:05:14 (2947 turns).

Borgoz the Skirmisher (Ghoul Monk)                  Turns: 2947, Time: 00:05:15

Health: 0/52       AC:  2    Str: 15    XL:     6   Next: 62%
Magic:  5/5        EV: 12    Int:  7    God:
Gold:   165        SH:  0    Dex: 11    Spells: 5/5 levels left

rFire    . . .     SeeInvis .   a - +1 dagger
rCold    + . .     Gourm    .   (no shield)
rNeg     + + +     Faith    .   e - +0 ring mail
rPois    ∞         Spirit   .   (no helmet)
rElec    .         Reflect  .   (no cloak)
rCorr    .         Harm     .   (no gloves)
MR       .....                  (no boots)
Stlth    +.........             (no amulet)
HPRegen  0.00/turn              m - -3 ring of protection (curse)
MPRegen  0.09/turn              (no ring)

@: rotting
A: rotting body, claws 1, carnivore, cold resistance 1, negative energy
resistance 3, inhibited regeneration, torment resistance, unbreathing
a: no special abilities


You were on level 5 of the Dungeon.
You were not hungry.

You visited 1 branch of the dungeon, and saw 5 of its levels.

You collected 165 gold pieces.

Inventory:

Hand Weapons
 a - a +1 dagger (weapon)
Armour
 e - a +0 ring mail (worn)
Jewellery
 m - a cursed -3 ring of protection (left claw)
Wands
 g - a wand of polymorph (1)
Scrolls
 d - 3 scrolls of teleportation
 h - 2 scrolls of fog
Potions
 n - 2 potions of resistance
 q - 2 potions of brilliance
Comestibles
 b - 10 rations


   Skills:
 + Level 4.2 Fighting
 * Level 2.8 Short Blades
 * Level 2.9 Armour
 * Level 4.1 Dodging
 - Level 2.1 Stealth
 - Level 3.2 Unarmed Combat


You had 5 spell levels left.
You didn't know any spells.
Your spell library was empty.

Dungeon Overview and Level Annotations

Branches:
Dungeon (5/15)
 Temple: D:4-7

Altars:
Fedhas
Okawaru


Innate Abilities, Weirdness & Mutations

Your body is rotting away.
You thrive on raw meat.
You are immune to poison.
You have sharp fingernails.
You are carnivorous and can eat meat at any time.
Your flesh is cold resistant. (rC+)
You are immune to negative energy. (rN+++)
You do not regenerate when monsters are visible.
You are immune to unholy pain and torment.
You can survive without breathing.


Message History

The big kobold hits you.
* * * LOW HITPOINT WARNING * * *
You closely miss the big kobold.
The big kobold is heavily wounded.
You closely miss the big kobold. You claw the big kobold.
The big kobold is heavily wounded.
The big kobold closely misses you.
Okay, then.
Okay, then.
You hit the big kobold but do no damage.
The big kobold is heavily wounded.
The big kobold hits you.
* * * LOW HITPOINT WARNING * * *
You hit the big kobold.
The big kobold is severely wounded.
The big kobold misses you.
You hit the big kobold.
The big kobold is severely wounded.
The big kobold hits you.
You die...

*+**,,,**,,,,##+#,,,,,*,,,,*,,,,,
,,,*,,,,*,,,,*..#,,,,,*,,,,+,,,,,
,,,+,,,,*,,,,*..#,,,,,*,,,,*,,,,,
,,*******,,,,*#.#,,,,,*,,,,*,,,,,
,,*,,,,,,,,,,,#.##..,,*,,,,*,,>,.
,,*,,,,,,,,,,,#..+....*,,,,*,,,..
,,*,,,,,,,,,,,+..#....#,,,,*,,...
,,*,,,,,,,,,,,#<.#....#,,,,*,....
***,,,,,,,,,,,##@#....##+###.....
<,,,,,,**+*#+###K##..............
,,,,,,,+,,,#......#.......)......
,,,,,,,*,,,+......#..............
,,,,,,,*,,*#..##..#.............$
**+*****,,*#..##..###'#########..
,,,,,*,,,,.........'......# *,.
,,,,,*,,,..........#......# *,,
*********################## *,,


You could see a big kobold.

Vanquished Creatures
  Grinder (D:3)
  A howler monkey (D:4)
  2 hounds (D:4)
  An adder (D:2)
  An ooze (D:1)
  A worm (D:3)
  3 dart slugs
  3 leopard geckos
  2 bats (D:1)
  A giant cockroach (D:1)
  4 goblins
  6 hobgoblins
  7 jackals
  2 kobolds (D:3)
  A ball python (D:2)
  3 frilled lizards
  9 rats
48 creatures vanquished.

Notes
Turn   | Place    | Note
-------+----------+-------------------------------------------
     0 | D:1      | Borgoz the Ghoul Monk began the quest for the Orb.
     0 | D:1      | Reached XP level 1. HP: 19/19 MP: 0/0
    49 | D:1      | Reached XP level 2. HP: 10/26 MP: 1/1
    64 | D:1      | HP: 1/26 [hobgoblin (4)]
   312 | D:1      | Reached skill level 1 in Armour
   528 | D:1      | Reached skill level 1 in Short Blades
   528 | D:1      | Reached XP level 3. HP: 25/31 MP: 2/2
  1175 | D:2      | Found an iron altar of Okawaru.
  1510 | D:2      | Reached XP level 4. HP: 38/39 MP: 3/3
  1904 | D:3      | Noticed Grinder
  1910 | D:3      | Paralysed by Grinder for 4 turns
  1922 | D:3      | Killed Grinder
  1922 | D:3      | Reached XP level 5. HP: 34/46 MP: 4/4
  1922 | D:3      | Reached XP level 6. HP: 38/52 MP: 5/5
  2002 | D:3      | Found a blossoming altar of Fedhas.
  2655 | D:4      | Noticed an orc warrior
  2693 | D:5      | Entered Level 5 of the Dungeon
  2916 | D:5      | Noticed a porcupine
  2916 | D:5      | an ogre changed into a porcupine
  2929 | D:5      | a porcupine changed into a big kobold
  2947 | D:5      | Slain by a big kobold

Skill      XL: |  1  2  3  4  5  6 |
---------------+-------------------+-----
Armour         | 1 2 |  2.9
Dodging        | 3 4 |  4.1
Short Blades   | 1 2 |  2.8
Fighting       | 4 |  4.2
Stealth        | |  2.1
Unarmed Combat | |  3.2

Action                   |  1- 3 |  4- 6 || total
-------------------------+-------+-------++-------
Melee: Unarmed           |   133 |    80 ||   213
       Punch             |     4 |     2 ||     6
       Dagger            |       |    22 ||    22
Evoke: Wand              |       |     2 ||     2
  Use: Potion            |       |     4 ||     4
       Scroll            |       |    14 ||    14
 Stab: Sleeping          |     1 |     1 ||     2
       Invisible         |       |     1 ||     1
  Eat: Chunk             |     8 |    10 ||    18
Armor: Robe              |     5 |       ||     5
       Ring mail         |    27 |    21 ||    48
Dodge: Dodged            |    86 |    53 ||   139
